 Dungeon Crawl Stone Soup version 0.27-a0-631-g2d681adce0 (webtiles) character file.

Game seed: 15918114344850193294

33 Lanoc the Sneak (level 3, 0/33 HPs)
             Began as a Deep Dwarf Brigand on Mar 13, 2021.
             Slain by a centaur (6 damage)
             ... on level 3 of the Dungeon.
             The game lasted 00:01:17 (460 turns).

Lanoc the Sneak (Deep Dwarf Brigand)                 Turns: 460, Time: 00:01:18

Health: 0/33       AC:  3    Str: 14    XL:     3   Next: 12%
Magic:  3/3        EV: 12    Int: 11    God:
Gold:   45         SH:  0    Dex: 15    Spells: 2/2 levels left

rFire    + . .     SeeInvis .   a - +2 dagger
rCold    . . .     Faith    .   (no shield)
rNeg     . . .     Spirit   .   b - +0 robe
rPois    .         Reflect  .   (no helmet)
rElec    .         Harm     .   c - +0 cloak
rCorr    .         Rampage  .   (no gloves)
Will     .....                  (no boots)
Stlth    +++.......             (no amulet)
HPRegen  0.00/turn              l - ring of protection from fire
MPRegen  0.08/turn              (no ring)

@: flying, non-regenerating
A: damage resistance, heal wounds, sense surroundings 1, no regeneration
a: Heal Wounds


You were on level 3 of the Dungeon.
You visited 1 branch of the dungeon, and saw 3 of its levels.

You collected 45 gold pieces.

Inventory:

Hand Weapons
 a - a +2 dagger (weapon)
Missiles
 d - 16 poisoned darts (quivered)
 e - 2 curare-tipped darts
Armour
 b - a +0 robe (worn)
 c - a +0 cloak (worn)
Jewellery
 l - a ring of protection from fire (right hand)
Scrolls
 f - a scroll of fog {unknown}
 g - a scroll of enchant weapon {unknown}
 h - 2 scrolls of teleportation {unknown}
 j - a scroll of enchant armour {unknown}
 k - a scroll of magic mapping {unknown}
Potions
 i - a potion of flight


   Skills:
 + Level 2.3 Fighting
 - Level 1.7 Short Blades
 - Level 1.7 Throwing
 + Level 2.1 Dodging
 + Level 5.4 Stealth


You had 2 spell levels left.
You didn't know any spells.
Your spell library was empty.

Dungeon Overview and Level Annotations

Branches:
Dungeon (3/15)

Altars:


Innate Abilities, Weirdness & Mutations

You are resistant to damage.
You can heal yourself by infusing magical energy.
You passively map a small area around you.
You do not regenerate.


Message History

The centaur shoots an arrow.
The arrow closely misses you.
You are too injured to fight recklessly!
You are too injured to fight recklessly!
It was a potion of flight.
You feel very buoyant.
You fly up into the air.
You feel much better.
The centaur unwields a +0 shortbow.
The centaur hits you.
You hit the centaur but do no damage.
The centaur hits you but does no damage.
You hit the centaur.
The centaur is lightly wounded.
The centaur hits you.
You hit the centaur.
The centaur is lightly wounded.
The centaur completely misses you.
You hit the centaur.
The centaur is moderately wounded.
The centaur misses you. The centaur hits you.
You hit the centaur.
The centaur is heavily wounded.
The centaur hits you.
You hit the centaur.
The centaur is heavily wounded.
The centaur hits you. The centaur hits you!
You hit the centaur.
The centaur is severely wounded.
The centaur hits you but does no damage.
You barely miss the centaur.
The centaur is severely wounded.
The centaur closely misses you.
You hit the centaur.
The centaur is severely wounded.
The centaur hits you!
* * * LOW HITPOINT WARNING * * *
The centaur closely misses you.
You barely miss the centaur.
The centaur is severely wounded.
The centaur hits you!
You die...

, #.....##.....†...... *
. #.....##.........<..
#.###........#.....)....
,...........###..........
..##......## #.......(..
#.......### #..........
........# #..........
.....#..########......#.
.....#.@..............#.
######c##..##....######.
* #....g....#*.#<. * * *
*#......#.## ,#., ,
#.......... *
..............
.........c......, *
,................
.#...##c.......*


You could see a centaur and a goblin.

Vanquished Creatures
  An adder (D:3)
  2 dart slugs (D:2)
  A leopard gecko (D:3)
  An orc (D:3)
  A ball python (D:1)
  A giant cockroach (D:1)
  2 hobgoblins (D:3)
  3 bats
  3 goblins (D:3)
  2 kobolds
  2 rats
19 creatures vanquished.

Notes
Turn   | Place    | Note
-------+----------+-------------------------------------------
     0 | D:1      | Lanoc the Deep Dwarf Brigand began the quest for the Orb.
     0 | D:1      | Reached XP level 1. HP: 19/19 MP: 1/1
   179 | D:2      | Reached skill level 5 in Stealth
   262 | D:2      | Reached XP level 2. HP: 20/26 MP: 2/2
   420 | D:3      | Reached XP level 3. HP: 17/33 MP: 3/3
   444 | D:3      | Noticed a centaur
   460 | D:3      | Slain by a centaur

Illustrated notes

Levels and vault maps discovered:
D:1:      dpeg_arrival_round_a, layout_basic
D:2:      layout_loops_cross, elyvilon_altar_4
D:3:      layout_rooms, marbit_many_paths, minitemple

Skill      XL: |  1  2 |
---------------+-------+-----
Fighting       | 2 |  2.3
Stealth        | 5 |  5.4
Dodging        | 2 |  2.1
Short Blades   | |  1.7
Throwing       | |  1.7

Action                   || total
-------------------------++-------
Melee: Dagger            ||    70
 Abil: Heal Wounds       ||     1
  Use: Potion            ||     1
 Stab: Sleeping          ||     3
Armor: Robe              ||    18
Dodge: Dodged            ||    41

Table legend: (Time is in decaauts)
 A = Elapsed time spent in this place.
 B = Non-inter-level travel time spent in this place.
 C = Inter-level travel time spent in this place.
 D = Time resting spent in this place.
 E = Time spent auto-exploring this place.
 F = Levels seen in this place.
 G = Mean time per level.
                   A        B        C        D        E       F      G
               +--------+--------+--------+--------+--------+-----+--------+
         Total |    452 |    445 |      7 |      0 |    295 |   3 |  150.7 |
       Dungeon |    452 |    445 |      7 |      0 |    295 |   3 |  150.7 |
               +--------+--------+--------+--------+--------+-----+--------+

Top non-repeatable levels by time:
     D:3: 181 daAuts
     D:2: 140 daAuts
     D:1: 131 daAuts
